 Dungeon Crawl Stone Soup version 0.21.1-1-g345015f (webtiles) character file.

86 Mgcat the Cudgeler (level 4, -6/29 HPs)
             Began as a Gargoyle Gladiator on Mar 21, 2018.
             Was an Initiate of Dithmenos.
             Mangled by an ogre
             ... wielding a +0 giant club
              (19 damage)
             ... on level 4 of the Dungeon on Mar 22, 2018.
             The game lasted 00:04:35 (1400 turns).

Mgcat the Cudgeler (Gargoyle Gladiator)             Turns: 1400, Time: 00:04:36

Health: -6/29      AC:  9    Str: 18    XL:     4   Next: 49%
Magic:  4/4        EV: 11    Int:  9    God:    Dithmenos [......]
Gold:   111        SH:  4    Dex: 11    Spells: 3/3 levels left

rFire    . . .     SeeInvis .   a - +0 flail
rCold    . . .     Gourm    .   (no shield)
rNeg     + . .     Faith    .   e - +0 ring mail
rPois    ∞         Spirit   .   c - +0 helmet
rElec    +         Reflect  +   (no cloak)
rCorr    .         Harm     .   (no gloves)
MR       .....                  (no boots)
Stlth    +.........             j - +4 amulet of reflection
HPRegen  0.09/turn              (no ring)
MPRegen  0.09/turn              (no ring)

@: no status effects
A: negative energy resistance 1, electricity resistance, unbreathing,
petrification resistance, rot immunity, AC +3
a: Renounce Religion


You were on level 4 of the Dungeon.
You worshipped Dithmenos.
Dithmenos was noncommittal.
You were hungry.

You visited 1 branch of the dungeon, and saw 4 of its levels.

You collected 111 gold pieces.

Inventory:

Hand Weapons
 a - a +0 flail (weapon)
Missiles
 d - 3 throwing nets {=f, !d}
 o - 5 tomahawks (quivered)
Armour
 c - a +0 helmet (worn)
 e - a +0 ring mail (worn)
   (You found it on level 1 of the Dungeon)
 g - a +0 scale mail
   (You found it on level 3 of the Dungeon)
 n - a cursed +0 pair of gloves
   (You found it on level 3 of the Dungeon)
Jewellery
 j - a +4 amulet of reflection (around neck)
   (You found it on level 2 of the Dungeon)
Wands
 b - a wand of iceblast (8)
   (You took it off Ijyb on level 3 of the Dungeon)
Scrolls
 i - 2 scrolls of identify {unknown}
 k - a scroll of enchant weapon {unknown}
 l - a scroll of amnesia {unknown}
Potions
 h - a potion of curing {unknown}
 m - a potion of heal wounds {unknown}
Comestibles
 f - 4 rations


   Skills:
 + Level 3.8 Fighting
 + Level 4.2 Maces & Flails
 - Level 1.7 Throwing
 - Level 2.4 Dodging


You had 3 spell levels left.
You didn't know any spells.

Dungeon Overview and Level Annotations

Branches:
Dungeon (4/15)
 Temple: D:4-7

Altars:
Ashenzari
Dithmenos
Hepliaklqana
The Shining One

Annotations:
D:3 Grinder


Innate Abilities, Weirdness & Mutations

You are resistant to torment.
Your stone body is resilient. (AC +3)
You are immune to poison.
You resist negative energy. (rN+)
You are resistant to electric shocks. (rElec)
You can survive without breathing.
You are immune to petrification.
You are immune to rotting.


Message History

Ijyb hits you but does no damage.
You hit Ijyb but do no damage.
Ijyb is lightly wounded.
Ijyb closely misses you.
You closely miss Ijyb.
Ijyb is lightly wounded.
Ijyb hits you but does no damage.
You hit Ijyb but do no damage.
Ijyb is lightly wounded.
Ijyb hits you but does no damage.
You barely miss Ijyb.
Ijyb is lightly wounded.
Ijyb misses you.
You barely miss Ijyb.
Ijyb is lightly wounded.
Ijyb hits you but does no damage.
You closely miss Ijyb.
Ijyb is lightly wounded.
Ijyb barely misses you.
You hit Ijyb but do no damage.
Ijyb is lightly wounded.
You block Ijyb's attack.
You hit Ijyb.
Ijyb is moderately wounded.
You block Ijyb's attack.
You hit Ijyb but do no damage.
Ijyb is moderately wounded.
Ijyb hits you but does no damage. x2
You barely miss Ijyb.
Ijyb is moderately wounded.
Ijyb barely misses you.
You hit Ijyb.
Ijyb is heavily wounded.
Ijyb hits you with a club.
You hit Ijyb but do no damage.
Ijyb is heavily wounded.
Ijyb screams, "Get away!"
Ijyb barely misses you.
You hit Ijyb.
Ijyb is heavily wounded.
Ijyb hits you but does no damage.
You hit Ijyb.
Ijyb is severely wounded.
Ijyb closely misses you.
You hit Ijyb.
Ijyb is almost dead.
Ijyb misses you.
You hit Ijyb.
You kill Ijyb!
Dithmenos accepts your kill.
b - a wand of iceblast (8)
Things that are here:
a club; a chain mail; the goblin corpse of Ijyb You see here a scale mail.
g - a scale mail
There is a stone staircase leading up here.
A bat comes into view.
You barely miss the bat. The bat hits you. You block the bat's attack.
The bat hits you but does no damage. The bat closely misses you.
The bat hits you but does no damage. The bat hits you but does no damage.
There is a stone staircase leading up here.
You barely miss the bat. The bat closely misses you. The bat barely misses you.
You miss the bat. You block the bat's attack.
You miss the bat. You block the bat's attack. The bat closely misses you.
You hit the bat.
You kill the bat!
Dithmenos accepts your kill.
n - a pair of gloves
There is a stone staircase leading down here.
You climb downwards.
You hear the hiss of flowing sand.
There is an entrance to an ossuary on this level.
Hurry and find it before the portal is buried!
An ogre comes into view. It is wielding a giant club.
There is a stone staircase leading up here.
Unknown command.
Unknown command.
Unknown command.
Unknown command.
You hit the ogre.
The ogre is lightly wounded.
The ogre hits you with a giant club!
You hit the ogre.
The ogre is lightly wounded.
The ogre hits you with a giant club.
You hit the ogre.
The ogre is lightly wounded.
You barely miss the ogre.
The ogre is lightly wounded.
The ogre misses you.
You sock the ogre!
The ogre is heavily wounded.
You block the ogre's attack.
You sock the ogre!
The ogre is almost dead.
The ogre hits you with a giant club!!
Ouch! That really hurt!
You die...

#.#
#.#
...
#.#
#.##
#..
#.#
#@#
#.O.#
#.#.#
#.....
###
###


You could see an ogre.

Vanquished Creatures
  Ijyb (D:3)
  2 adders
  A worm (D:2)
  4 orcs (D:3)
  7 bats
  5 goblins
  6 hobgoblins
  3 kobolds
  2 frilled lizards
  5 rats
36 creatures vanquished.

Notes
Turn   | Place    | Note
-------+----------+-------------------------------------------
     0 | D:1      | Mgcat the Gargoyle Gladiator began the quest for the Orb.
     0 | D:1      | Reached XP level 1. HP: 12/12 MP: 1/1
    77 | D:1      | Reached XP level 2. HP: 16/18 MP: 2/2
   360 | D:2      | Found a hazy altar of Hepliaklqana.
   368 | D:2      | Reached skill level 3 in Fighting
   424 | D:2      | Reached XP level 3. HP: 15/23 MP: 3/3
   480 | D:2      | Found a shattered altar of Ashenzari.
   816 | D:2      | Found a glowing golden altar of the Shining One.
   878 | D:2      | Found a shadowy altar of Dithmenos.
   903 | D:2      | Became a worshipper of Dithmenos the Shadowed
  1023 | D:3      | Reached skill level 4 in Maces & Flails
  1023 | D:3      | Reached XP level 4. HP: 18/28 MP: 4/4
  1113 | D:3      | Noticed Grinder
  1132 | D:3      | Paralysed by Grinder for 4 turns
  1134 | D:3      | HP: 5/28 [Grinder/nerve-wracking pain (5)]
  1341 | D:3      | Noticed Ijyb
  1359 | D:3      | Killed Ijyb
  1394 | D:4      | Noticed an ogre
  1400 | D:4      | Mangled by an ogre

Skill      XL: |  1  2  3 |
---------------+----------+-----
Fighting       | 3 |  3.8
Maces & Flails | 4 |  4.2
Throwing       | |  1.7
Dodging        | |  2.4

Action                   |  1- 3 |  4- 6 || total
-------------------------+-------+-------++-------
Melee: Flail             |   118 |    38 ||   156
  Use: Scroll            |       |     1 ||     1
       Potion            |       |     1 ||     1
  Eat: Chunk             |       |     1 ||     1
Armor: Leather armour    |    15 |       ||    15
       Ring mail         |    55 |    12 ||    67
Dodge: Dodged            |    74 |    15 ||    89
Block: Other             |    15 |     7 ||    22

Vault maps used:
D:1:      scummos_arrival_gate
D:2:      nicolae_dithmenos_shadow_blocks, lemuel_doored_altar,
          overflow_temple_1_default, ashenzari_altar_1, first_ration
D:3:      lemuel_round_altar, nicolae_overflow_quartered_altars, uniq_ijyb,
          uniq_grinder
D:4:      tgw_sif, nicolae_qazlal_eye_of_the_storm,
          lightli_ossuary_entry_decrepit_ruins, serial_shops, shop,
          kennysheep_generic_room_8

Table legend:
 A = Turns spent in this place as a percentage of turns spent in the entire game.
 B = Non-inter-level travel turns spent in this place as a percentage of non-inter-level travel turns spent in the entire game.
 C = Inter-level travel turns spent in this place as a percentage of turns spent in this place.
 D = Turns resting spent in this place as a percentage of non-inter-level travel turns spent in this place.
 E = Turns spent auto-exploring this place as a percentage of non-inter-level travel turns spent in this place.
 F = Non-inter-level travel turns spent in this place divided by the number of levels of this place that you've seen.
                   A       B       C       D       E      F
               +-------+-------+-------+-------+-------+----------------------
         Total | 100.0 | 100.0 |   3.9 |   0.0 |  69.2 | 336.5
       Dungeon | 100.0 | 100.0 |   3.9 |   0.0 |  69.2 | 336.5
               +-------+-------+-------+-------+-------+----------------------

Table legend:
 A = Kills in this place as a percentage of kills in entire the game.
 B = Kills by you in this place as a percentage of kills by you in the entire game.
 C = Kills by friends in this place as a percentage of kills by friends in the entire game.
 D = Other kills in this place as a percentage of other kills in the entire game.
 E = Experience gained in this place as a percentage of experience gained in the entire game.
 F = Experience gained in this place divided by the number of levels of this place that you have seen.
                   A       B       C       D       E      F
               +-------+-------+-------+-------+-------+----------------------
         Total | 100.0 | 100.0 |   N/A |   N/A | 100.0 |  30.8
       Dungeon | 100.0 | 100.0 |   N/A |   N/A | 100.0 |  30.8
               +-------+-------+-------+-------+-------+----------------------
